Workbook

Sheet Calcul
A2: Désignation | C2: Quantité | D2: Prix unitaire | F2: Montant | G2: TVA
A5: Matériel général
A6: Coffret 168 M (7 x 24 modules) | C6: 1 | D6: 750 | F6: =C6*D6 -> 750 | G6: HTVA
A7: Barrette de pontage | C7: 6 | D7: 40 | F7: =C7*D7 -> 240 | G7: HTVA
A8: Jeu de barres 100A | C8: 1 | D8: 40 | F8: =C8*D8 -> 40 | G8: HTVA
A9: Int # 63A - 2P - 300 mA | C9: 1 | D9: 95 | F9: =C9*D9 -> 95 | G9: HTVA
A10: Int # 63A - 2P - 30 mA | C10: 1 | D10: 95 | F10: =C10*D10 -> 95 | G10: HTVA
A11: Disjoncteur 2P - 2A | C11: 1 | D11: 11.23 | F11: =C11*D11 -> 11.23 | G11: HTVA
A12: Disjoncteur 2P - 10A | C12: 15 | D12: 12 | F12: =C12*D12 -> 180 | G12: HTVA
A13: Disjoncteur 2P - 16A | C13: 0 | D13: 10 | F13: =C13*D13 -> 0 | G13: HTVA
A14: Disjoncteur 2P - 20A | C14: 20 | D14: 10 | F14: =C14*D14 -> 200 | G14: HTVA
A15: Disjoncteur 2P - 25A | C15: 0 | D15: 15 | F15: =C15*D15 -> 0 | G15: HTVA
A16: Disjoncteur 3P - 25A | C16: 1 | D16: 25 | F16: =C16*D16 -> 25 | G16: HTVA
A18: Bornes wago bleue | C18: 50 | D18: 0.444 | F18: =C18*D18 -> 22.2 | G18: HTVA
... A24: Alimentation du module | C24: 1 | D24: 85 | F24: =C24*D24 -> 85 | G24: HTVA
A25: Actionneur commutation ON/OFF (24x10A) | C25: 0 | D25: 356 | F25: =C25*D25 -> 0 | G25: HTVA | I25: Ventilé dans les points lumineux
A26: Entrée binaire pour boitier hermétique | C26: 0 | D26: 42.33 | F26: =C26*D26 -> 0 | G26: HTVA | I26: Ventilé dans les points de commande
A27: Goulotte 200mm / 60mm | C27: 3 | D27: 53.83 | F27: =C27*D27 -> 161.49 | G27: HTVA
A28: Forfait divers :
A29: 10² - 1,5² - embouts - bornes bus - étiquettes
A30: feuillard - vis - chevilles - … | C30: 1 | D30: 75 | F30: =C30*D30 -> 75 | G30: HTVA
A32: Main d'œuvre réalisation coffret
A33: Forfait journée | C33: 4 | D33: 400 | F33: =C33*D33 -> 1600 | G33: HTVA
C35: Sous-total 1 | F35: =SUM(F4:F34) -> 5398.68 | G35: HTVA
A37: Résumé - ANCIEN comptabilisé à la main, à revérifier surtour pour l'hydro…
A38: Réalisation prise de terre | C38: 0 | D38: 440 | F38: =C38*D38 -> 0 | G38: HTVA | I38: =C38 -> 0 | J38: 480 | K38: minutes | L38: = | M38: =I38*J38 -> 0 | N38: minutes
A39: Point lumineux intérieur ON/OFF | C39: 36 | D39: 57 | F39: =C39*D39 -> 2052 | G39: HTVA | I39: =C39 -> 36 | J39: 20 | K39: minutes | L39: = | M39: =I39*J39 -> 720 | N39: minutes
A40: Point lumineux extérieur ON/OFF | C40: 5 | D40: 78 | F40: =C40*D40 -> 390 | G40: HTVA | I40: =C40 -> 5 | J40: 20 | K40: minutes | L40: = | M40: =I40*J40 -> 100 | N40: minutes
A41: Point lumineux intérieur dimmable | C41: 0 | D41: 172 | F41: =C41*D41 -> 0 | G41: HTVA | I41: =C41 -> 0 | J41: 20 | K41: minutes | L41: = | M41: =I41*J41 -> 0 | N41: minutes
A42: Point lumineux extérieur dimmable | C42: 0 | D42: 194 | F42: =C42*D42 -> 0 | G42: HTVA | I42: =C42 -> 0 | J42: 20 | K42: minutes | L42: = | M42: =I42*J42 -> 0 | N42: minutes
A43: Point lumineux intérieur HYDRO ON/OFF | C43: 2 | D43: 90 | F43: =C43*D43 -> 180 | G43: HTVA | I43: =C43 -> 2 | J43: 20 | K43: minutes | L43: = | M43: =I43*J43 -> 40 | N43: minutes
A44: Point de commande avec boutons-poussoirs | C44: 15 | D44: 120 | F44: =C44*D44 -> 1800 | G44: HTVA | I44: =C44 -> 15 | J44: 50 | K44: minutes | L44: = | M44: =I44*J44 -> 750 | N44: minutes
A45: Point de commande avec 2 BP hydro | C45: 3 | D45: 95 | F45: =C45*D45 -> 285 | G45: HTVA | I45: =C45 -> 3 | J45: 35 | K45: minutes | L45: = | M45: =I45*J45 -> 105 | N45: minutes
A46: Point de commande avec détecteur plafond | C46: 2 | D46: 140 | F46: =C46*D46 -> 280 | G46: HTVA | I46: =C46 -> 2 | J46: 25 | K46: minutes | L46: = | M46: =I46*J46 -> 50 | N46: minutes
A47: Point de commande avec détecteur mural | C47: 3 | D47: 230 | F47: =C47*D47 -> 690 | G47: HTVA | I47: =C47 -> 3 | J47: 50 | K47: minutes | L47: = | M47: =I47*J47 -> 150 | N47: minutes | Q47: 2TL caves | S47: cave | T47: 1BP
A48: Prise simple | C48: 48 | D48: 65 | F48: =C48*D48 -> 3120 | G48: HTVA | I48: =C48 -> 48 | J48: 50 | K48: minutes | L48: = | M48: =I48*J48 -> 2400 | N48: minutes
A49: Prise double | C49: 6 | D49: 75 | F49: =C49*D49 -> 450 | G49: HTVA | I49: =C49 -> 6 | J49: 60 | K49: minutes | L49: = | M49: =I49*J49 -> 360 | N49: minutes
A50: Prise triple | C50: 0 | D50: 85 | F50: =C50*D50 -> 0 | G50: HTVA | I50: =C50 -> 0 | J50: 70 | K50: minutes | L50: = | M50: =I50*J50 -> 0 | N50: minutes
A51: Prise quadruple | C51: 0 | D51: 95 | F51: =C51*D51 -> 0 | G51: HTVA | I51: =C51 -> 0 | J51: 75 | K51: minutes | L51: = | M51: =I51*J51 -> 0 | N51: minutes
A52: Prise simple hydro | C52: 15 | D52: 65 | F52: =C52*D52 -> 975 | G52: HTVA | I52: =C52 -> 15 | J52: 35 | K52: minutes | L52: = | M52: =I52*J52 -> 525 | N52: minutes
A53: Prises double hydro | C53: 2 | D53: 75 | F53: =C53*D53 -> 150 | G53: HTVA | I53: =C53 -> 2 | J53: 35 | K53: minutes | L53: = | M53: =I53*J53 -> 70 | N53: minutes
A54: Prise simple de sol intérieur | C54: 0 | D54: 98 | F54: =C54*D54 -> 0 | G54: HTVA | I54: =C54 -> 0 | J54: 35 | K54: minutes | L54: = | M54: =I54*J54 -> 0 | N54: minutes
A55: Prise double de sol intérieur | C55: 0 | D55: 138 | F55: =C55*D55 -> 0 | G55: HTVA | I55: =C55 -> 0 | J55: 35 | K55: minutes | L55: = | M55: =I55*J55 -> 0 | N55: minutes
A56: Prise double de sol extérieur | C56: 0 | D56: 235 | F56: =C56*D56 -> 0 | G56: HTVA | I56: =C56 -> 0 | J56: 35 | K56: minutes | L56: = | M56: =I56*J56 -> 0 | N56: minutes
A57: Alimentation intérieure diverse en flex VOB 3G2,5 | C57: 0 | D57: 65 | F57: =C57*D57 -> 0 | G57: HTVA | I57: =C57 -> 0 | J57: 35 | K57: minutes | L57: = | M57: =I57*J57 -> 0 | N57: minutes
A58: Alimentation taque en câble 5G6 | C58: 1 | D58: 160 | F58: =C58*D58 -> 160 | G58: HTVA | I58: =C58 -> 1 | J58: 35 | K58: minutes | L58: = | M58: =I58*J58 -> 35 | N58: minutes
A59: Alimentation extérieure diverse en flex XVB 3G2,5 | C59: 1 | D59: 65 | F59: =C59*D59 -> 65 | G59: HTVA | I59: =C59 -> 1 | J59: 35 | K59: minutes | L59: = | M59: =I59*J59 -> 35 | N59: minutes
... A61: Prise RJ45 double | C61: 0 | D61: 125 | F61: =C61*D61 -> 0 | G61: HTVA | I61: =C61 -> 0 | J61: 50 | K61: minutes | L61: = | M61: =I61*J61 -> 0 | N61: minutes
F63: =SUM(F36:F60) -> 10597 | K63: Total : | M63: =SUM(M26:M62) -> 5340 | N63: minutes
M64: =M63/60 -> 89 | N64: heures
A65: Résumé
A66: Réalisation prise de terre | C66: 0 | D66: 440 | F66: =C66*D66 -> 0 | G66: HTVA | I66: =C66 -> 0 | J66: 480 | K66: minutes | L66: = | M66: =I66*J66 -> 0 | N66: minutes
A67: Point lumineux principal intérieur ON/OFF | C67: 18 | D67: 57 | F67: =C67*D67 -> 1026 | G67: HTVA | I67: =C67 -> 18 | J67: 20 | K67: minutes | L67: = | M67: =I67*J67 -> 360 | N67: minutes
A68: Point lumineux secondaire intérieur ON/OFF | C68: 12 | D68: 25 | F68: =C68*D68 -> 300 | G68: HTVA | I68: =C68 -> 12 | J68: 20 | K68: minutes | L68: = | M68: =I68*J68 -> 240 | N68: minutes
A69: Point lumineux principal extérieur ON/OFF | C69: 3 | D69: 78 | F69: =C69*D69 -> 234 | G69: HTVA | I69: =C69 -> 3 | J69: 20 | K69: minutes | L69: = | M69: =I69*J69 -> 60 | N69: minutes
A70: Point lumineux secondaire extérieur ON/OFF | C70: 0 | F70: =C70*D70 -> 0 | G70: HTVA | I70: =C70 -> 0 | J70: 20 | K70: minutes | L70: = | M70: =I70*J70 -> 0 | N70: minutes
A71: Point lumineux principal intérieur dimmable | C71: 0 | D71: 172 | F71: =C71*D71 -> 0 | G71: HTVA | I71: =C71 -> 0 | J71: 20 | K71: minutes | L71: = | M71: =I71*J71 -> 0 | N71: minutes
A72: Point lumineux secondaire intérieur dimmable | C72: 0 | F72: =C72*D72 -> 0 | G72: HTVA | I72: =C72 -> 0 | J72: 20 | K72: minutes | L72: = | M72: =I72*J72 -> 0 | N72: minutes
A73: Point lumineux principal extérieur dimmable | C73: 0 | D73: 194 | F73: =C73*D73 -> 0 | G73: HTVA | I73: =C73 -> 0 | J73: 20 | K73: minutes | L73: = | M73: =I73*J73 -> 0 | N73: minutes
A74: Point lumineux secondaire extérieur dimmable | C74: 0 | F74: =C74*D74 -> 0 | G74: HTVA | I74: =C74 -> 0 | J74: 20 | K74: minutes | L74: = | M74: =I74*J74 -> 0 | N74: minutes
A75: Point lumineux principal intérieur HYDRO ON/OFF | C75: 2 | D75: 90 | F75: =C75*D75 -> 180 | G75: HTVA | I75: =C75 -> 2 | J75: 20 | K75: minutes | L75: = | M75: =I75*J75 -> 40 | N75: minutes
A76: Point lumineux secondaire intérieur HYDRO ON/OFF | C76: 2 | D76: 60 | F76: =C76*D76 -> 120 | G76: HTVA | I76: =C76 -> 2 | J76: 20 | K76: minutes | L76: = | M76: =I76*J76 -> 40 | N76: minutes
A77: Point de commande avec boutons-poussoirs | C77: 16 | D77: 120 | F77: =C77*D77 -> 1920 | G77: HTVA | I77: =C77 -> 16 | J77: 50 | K77: minutes | L77: = | M77: =I77*J77 -> 800 | N77: minutes
A78: Point de commande avec 2 BP hydro | C78: 2 | D78: 95 | F78: =C78*D78 -> 190 | G78: HTVA | I78: =C78 -> 2 | J78: 35 | K78: minutes | L78: = | M78: =I78*J78 -> 70 | N78: minutes
A79: Point de commande avec détecteur plafond | C79: 2 | D79: 140 | F79: =C79*D79 -> 280 | G79: HTVA | I79: =C79 -> 2 | J79: 25 | K79: minutes | L79: = | M79: =I79*J79 -> 50 | N79: minutes
A80: Point de commande avec détecteur mural | C80: 2 | D80: 230 | F80: =C80*D80 -> 460 | G80: HTVA | I80: =C80 -> 2 | J80: 50 | K80: minutes | L80: = | M80: =I80*J80 -> 100 | N80: minutes | Q80: 2TL caves | S80: cave | T80: 1BP
A81: Prise simple | C81: 51 | D81: 65 | F81: =C81*D81 -> 3315 | G81: HTVA | I81: =C81 -> 51 | J81: 50 | K81: minutes | L81: = | M81: =I81*J81 -> 2550 | N81: minutes
A82: Prise double | C82: 8 | D82: 75 | F82: =C82*D82 -> 600 | G82: HTVA | I82: =C82 -> 8 | J82: 60 | K82: minutes | L82: = | M82: =I82*J82 -> 480 | N82: minutes
A83: Prise triple | C83: 0 | D83: 85 | F83: =C83*D83 -> 0 | G83: HTVA | I83: =C83 -> 0 | J83: 70 | K83: minutes | L83: = | M83: =I83*J83 -> 0 | N83: minutes
A84: Prise quadruple | C84: 0 | D84: 95 | F84: =C84*D84 -> 0 | G84: HTVA | I84: =C84 -> 0 | J84: 75 | K84: minutes | L84: = | M84: =I84*J84 -> 0 | N84: minutes
A85: Prise simple hydro | C85: 9 | D85: 65 | F85: =C85*D85 -> 585 | G85: HTVA | I85: =C85 -> 9 | J85: 35 | K85: minutes | L85: = | M85: =I85*J85 -> 315 | N85: minutes
A86: Prises double hydro | C86: 1 | D86: 75 | F86: =C86*D86 -> 75 | G86: HTVA | I86: =C86 -> 1 | J86: 35 | K86: minutes | L86: = | M86: =I86*J86 -> 35 | N86: minutes
A87: Prise simple de sol intérieur | C87: 0 | D87: 98 | F87: =C87*D87 -> 0 | G87: HTVA | I87: =C87 -> 0 | J87: 35 | K87: minutes | L87: = | M87: =I87*J87 -> 0 | N87: minutes
A88: Prise double de sol intérieur | C88: 0 | D88: 138 | F88: =C88*D88 -> 0 | G88: HTVA | I88: =C88 -> 0 | J88: 35 | K88: minutes | L88: = | M88: =I88*J88 -> 0 | N88: minutes
A89: Prise double de sol extérieur | C89: 0 | D89: 235 | F89: =C89*D89 -> 0 | G89: HTVA | I89: =C89 -> 0 | J89: 35 | K89: minutes | L89: = | M89: =I89*J89 -> 0 | N89: minutes
A90: Prise triphasée | C90: 1 | D90: 160 | F90: =C90*D90 -> 160 | G90: HTVA
A91: Alimentation intérieure diverse en flex VOB 3G2,5 | C91: 0 | D91: 65 | F91: =C91*D91 -> 0 | G91: HTVA | I91: =C91 -> 0 | J91: 35 | K91: minutes | L91: = | M91: =I91*J91 -> 0 | N91: minutes
A92: Alimentation taque en câble 5G6 | C92: 1 | D92: 160 | F92: =C92*D92 -> 160 | G92: HTVA | I92: =C92 -> 1 | J92: 35 | K92: minutes | L92: = | M92: =I92*J92 -> 35 | N92: minutes
A93: Alimentation extérieure diverse en flex XVB 3G2,5 | C93: 1 | D93: 65 | F93: =C93*D93 -> 65 | G93: HTVA | I93: =C93 -> 1 | J93: 35 | K93: minutes | L93: = | M93: =I93*J93 -> 35 | N93: minutes
A94: Alimentation store | C94: 0 | D94: 210 | F94: =C94*D94 -> 0 | G94: HTVA | I94: =C94 -> 0 | J94: 55 | K94: minutes | L94: = | M94: =I94*J94 -> 0 | N94: minutes
A95: Prise RJ45 double | C95: 6 | D95: 125 | F95: =C95*D95 -> 750 | G95: HTVA | I95: =C95 -> 6 | J95: 50 | K95: minutes | L95: = | M95: =I95*J95 -> 300 | N95: minutes
F97: =SUM(F66:F95) -> 10420 | K97: Total : | M97: =SUM(M66:M96) -> 5510 | N97: minutes
M98: =M97/60 -> 91.833333 | N98: heures
A100: Réalisation des schémas | C100: 1 | D100: 400 | F100: =C100*D100 -> 400 | G100: HTVA | I100: 8 | J100: 60 | K100: minutes | L100: = | M100: =I100*J100 -> 480 | N100: minutes
A101: Réception organisme agréé | C101: 1 | D101: 200 | F101: =C101*D101 -> 200 | G101: HTVA
A102: Frais de déplacement | C102: 5 | D102: 50 | F102: =C102*D102 -> 250 | G102: HTVA
A103: Main d'œuvre (forfait à la journée) | C103: 0 | D103: 400 | F103: =C103*D103 -> 0 | G103: HTVA
A104: Programmation (2 modules/heure) | C104: 6 | D104: 80 | F104: =C104*D104 -> 480 | G104: HTVA | I104: =C104 -> 6 | J104: 60 | K104: minutes | L104: = | M104: =I104*J104 -> 360 | N104: minutes
A105: Mise en service (forfait à la journée) | C105: 0.5 | D105: 400 | F105: =C105*D105 -> 200 | G105: HTVA
A107: Coffret de distribution | C107: 1 | D107: =F35 -> 5398.68 | F107: =C107*D107 -> 5398.68 | G107: HTVA | I107: 16 | J107: 60 | K107: minutes | L107: = | M107: =I107*J107 -> 960 | N107: minutes
K110: Total : | M110: =SUM(M100:M109) + M63 -> 7140 | N110: minutes
M111: =M110/60 -> 119 | N111: heures
A113: Résumé SANS MAIN D'ŒUVRE - Réalisation par le client
A114: Réalisation prise de terre | C114: 0 | D114: 440 | F114: =C114*D114 -> 0 | G114: HTVA | I114: =C114 -> 0 | J114: 480 | K114: minutes | L114: = | M114: =I114*J114 -> 0 | N114: minutes
A115: Point lumineux intérieur ON/OFF | C115: 18 | D115: 42 | F115: =C115*D115 -> 756 | G115: HTVA | I115: =C115 -> 18 | J115: 20 | K115: minutes | L115: = | M115: =I115*J115 -> 360 | N115: minutes
A116: Point lumineux secondaire intérieur ON/OFF | C116: 12 | D116: 25 | F116: =C116*D116 -> 300 | G116: HTVA | I116: =C116 -> 12 | J116: 20 | K116: minutes | L116: = | M116: =I116*J116 -> 240 | N116: minutes
A117: Point lumineux extérieur ON/OFF | C117: 3 | D117: 63 | F117: =C117*D117 -> 189 | G117: HTVA | I117: =C117 -> 3 | J117: 20 | K117: minutes | L117: = | M117: =I117*J117 -> 60 | N117: minutes
A118: Point lumineux secondaire extérieur ON/OFF | C118: 0 | F118: =C118*D118 -> 0 | G118: HTVA | I118: =C118 -> 0 | J118: 20 | K118: minutes | L118: = | M118: =I118*J118 -> 0 | N118: minutes
A119: Point lumineux intérieur dimmable | C119: 0 | D119: 157 | F119: =C119*D119 -> 0 | G119: HTVA | I119: =C119 -> 0 | J119: 20 | K119: minutes | L119: = | M119: =I119*J119 -> 0 | N119: minutes
A120: Point lumineux secondaire intérieur dimmable | C120: 0 | F120: =C120*D120 -> 0 | G120: HTVA | I120: =C120 -> 0 | J120: 20 | K120: minutes | L120: = | M120: =I120*J120 -> 0 | N120: minutes
...

Sheet ELECTRICITE 1
E6: Mr & Mme ROBINSKI - KRZEMIEN
A8: Pompe à chaleur – Panneaux solaires – VMC | F8: Clos Pierre Dupont, 8
A9: Climatisation – Domotique
F10: 1140 EVERE
A11: Rue des Tilleuls,13 5537 ANHEE
A12: Tél : 082/22.32.82
A13: e-mail : direction@3-e.be
A16: Adresse du chantier : Rue du Luxembourg - 5570 Beauraing
A20: NUMERO DE DEVIS | E20: N° TVA | F20: DATE DEVIS | G20: PAIEMENT
A21: PROV 107 page 01 | E21: Néant | F21: 44481 | G21: COMPTANT
A22: A rappeler lors du paiement
A24: Désignation | C24: Quantité | D24: Prix unitaire | F24: Montant | G24: TVA
A26: Devis pour la rénovation de l'installation électrique
A28: Coffret de distribution respectant les normes en vigeur comprenant :
A29: - les protections des différents circuits
A30: - l'alimentation KNX
A31: - les borniers
A32: - les fils nécessaires au câblage interne
A33: - la main d'œuvre pour la mise en place et le câblage
A34: Coffret de distribution | C34: 1 | D34: 5400 | F34: =C34*D34 -> 5400 | G34: HTVA
A35: Coffret 25S60 avec sectionneur | C35: 1 | D35: 150 | F35: =C35*D35 -> 150 | G35: HTVA
A36: EXVB 4 x16 (alimentation générale) | C36: 6 | D36: 7.25 | F36: =C36*D36 -> 43.5 | G36: HTVA | I36: 960 | J36: =I36 -> 960
A38: Réalisation prise de terre
A39: Matériel nécessaire (câble, colliers, couteau, …) | C39: 1 | D39: 80 | F39: =C39*D39 -> 80 | G39: HTVA
A40: Main d'œuvre | C40: 2 | D40: 45 | F40: =C40*D40 -> 90 | G40: HTVA | I40: 120 | J40: =I40 -> 120
A42: La valeur de terre doit être mesurée et la mise à niveau dépendra de cette valeur. Si des tranchées sont à réaliser,
A43: elles le seront par le client.
A45: Entrée
A46: Point lumineux intérieur ON/OFF | C46: 1 | D46: 75 | F46: =C46*D46 -> 75 | G46: HTVA | I46: 30 | J46: =C46*I46 -> 30
A47: Point lumineux extérieur ON/OFF | C47: 3 | D47: 114 | F47: =C47*D47 -> 342 | G47: HTVA | I47: 30 | J47: =C47*I47 -> 90
A48: Point de commande avec détecteur plafond | C48: 1 | D48: 140 | F48: =C48*D48 -> 140 | G48: HTVA | I48: 25 | J48: =C48*I48 -> 25
A49: Point de commande avec BP Interra | C49: 1 | D49: 142 | F49: =C49*D49 -> 142 | G49: HTVA | I49: 50 | J49: =C49*I49 -> 50
A50: Prise double | C50: 1 | D50: 75 | F50: =C50*D50 -> 75 | G50: HTVA | I50: 60 | J50: =C50*I50 -> 60
A51: Supplément prise commandée ON/OFF | C51: 1 | D51: 95 | F51: =C51*D51 -> 95 | G51: HTVA | I51: 15 | J51: =C51*I51 -> 15 | O51: cf
A53: Couloir / Escalier
A54: Point lumineux intérieur ON/OFF | C54: 4 | D54: 75 | F54: =C54*D54 -> 300 | G54: HTVA | I54: 30 | J54: =C54*I54 -> 120
A55: Point de commande avec BP Interra | C55: 1 | D55: 142 | F55: =C55*D55 -> 142 | G55: HTVA | I55: 50 | J55: =C55*I55 -> 50
A56: Prise double | C56: 1 | D56: 75 | F56: =C56*D56 -> 75 | G56: HTVA | I56: 60 | J56: =C56*I56 -> 60
A57: Supplément prise commandée ON/OFF | C57: 1 | D57: 95 | F57: =C57*D57 -> 95 | G57: HTVA | I57: 15 | J57: =C57*I57 -> 15
C63: Sous-total 1 | F63: =SUM(F27:F62) -> 7244.5 | G63: HTVA | J63: =SUM(J27:J62) -> 1595 | K63: minutes
A66: Bases imposable | B66: Taux | C66: TVA
E67: A PAYER :
A71: N° TVA : BE0508.687.695 | C71: Agréation : 122610 / 122710 | F71: IBAN: BE13 3631 1433 3839 (ING)
C73: Conditions générales de vente au verso

Sheet ELECTRICITE 2
E6: Mr & Mme ROBINSKI - KRZEMIEN
A8: Pompe à chaleur – Panneaux solaires – VMC | F8: Clos Pierre Dupont, 8
A9: Climatisation – Domotique
F10: 1140 EVERE
A11: Rue des Tilleuls,13 5537 ANHEE
A12: Tél : 082/22.32.82
A13: e-mail : direction@3-e.be
A20: NUMERO DE DEVIS | E20: N° TVA | F20: DATE DEVIS | G20: PAIEMENT
A21: PROV 107 page 02 | E21: Néant | F21: 44481 | G21: COMPTANT
A22: A rappeler lors du paiement
A24: Désignation | C24: Quantité | D24: Prix unitaire | F24: Montant | G24: TVA
A26: Débarras
A27: Point lumineux intérieur ON/OFF | C27: 1 | D27: 75 | F27: =C27*D27 -> 75 | G27: HTVA | I27: 30 | J27: =C27*I27 -> 30
A28: Point de commande avec BP Interra | C28: 1 | D28: 142 | F28: =C28*D28 -> 142 | G28: HTVA | I28: 50 | J28: =C28*I28 -> 50
A29: Prise simple - Machine à laver | C29: 1 | D29: 65 | F29: =C29*D29 -> 65 | G29: HTVA | I29: 30 | J29: =C29*I29 -> 30
A30: Prise simple - Séchoir | C30: 1 | D30: 65 | F30: =C30*D30 -> 65 | G30: HTVA | I30: 30 | J30: =C30*I30 -> 30
A31: Alimentation VMC | C31: 1 | D31: 65 | F31: =C31*D31 -> 65 | G31: HTVA | I31: 30 | J31: =C31*I31 -> 30
A32: Prise double | C32: 1 | D32: 75 | F32: =C32*D32 -> 75 | G32: HTVA | I32: 60 | J32: =C32*I32 -> 60
A33: Prise simple hydro | C33: 1 | D33: 65 | F33: =C33*D33 -> 65 | G33: HTVA | I33: 35 | J33: minutes
A34: Supplément prise commandée ON/OFF | C34: 1 | D34: 95 | F34: =C34*D34 -> 95 | G34: HTVA | I34: 15 | J34: =C34*I34 -> 15
A36: Salon
A37: Point lumineux principal intérieur dimmable | C37: 1 | D37: 186 | F37: =C37*D37 -> 186 | G37: HTVA | I37: 30 | J37: =C37*I37 -> 30
A38: Point de commande avec BP Interra | C38: 2 | D38: 142 | F38: =C38*D38 -> 284 | G38: HTVA | I38: 50 | J38: =C38*I38 -> 100
A39: Circuit prises | C39: 1 | D39: 315 | F39: =C39*D39 -> 315 | G39: HTVA | I39: 270 | J39: =C39*I39 -> 270
A40: Supplément prise commandée ON/OFF | C40: 1 | D40: 95 | F40: =C40*D40 -> 95 | G40: HTVA | I40: 15 | J40: =C40*I40 -> 15
A41: Supplément prise commandée dimmable | C41: 1 | D41: 170 | F41: =C41*D41 -> 170 | G41: HTVA | I41: 15 | J41: =C41*I41 -> 15
A42: Prise TV/RJ45 | C42: 2 | D42: 125 | F42: =C42*D42 -> 250 | G42: HTVA | I42: 55 | J42: =C42*I42 -> 110 | L42: A voir quel raccordemdent il faut prévoir ? Voo - Proximus ???
A44: Séjour
A45: Point lumineux intérieur ON/OFF | C45: 2 | D45: 75 | F45: =C45*D45 -> 150 | G45: HTVA | I45: 30 | J45: =C45*I45 -> 60
A46: Point de commande avec BP Interra | C46: 3 | D46: 142 | F46: =C46*D46 -> 426 | G46: HTVA | I46: 50 | J46: =C46*I46 -> 150
A47: Circuit prises | C47: 1 | D47: 315 | F47: =C47*D47 -> 315 | G47: HTVA | I47: 270 | J47: =C47*I47 -> 270
A48: Supplément prise commandée ON/OFF | C48: 2 | D48: 95 | F48: =C48*D48 -> 190 | G48: HTVA | I48: 15 | J48: =C48*I48 -> 30
A49: Alimentation Poêle à pellets | C49: 1 | D49: 65 | F49: =C49*D49 -> 65 | G49: HTVA | I49: 30 | J49: =C49*I49 -> 30
A50: Prise TV/RJ45 | C50: 2 | D50: 125 | F50: =C50*D50 -> 250 | G50: HTVA | I50: 55 | J50: =C50*I50 -> 110 | L50: A voir quel raccordemdent il faut prévoir ? Voo - Proximus ???
A52: Cuisine
A53: Point lumineux intérieur ON/OFF | C53: 3 | D53: 75 | F53: =C53*D53 -> 225 | G53: HTVA | I53: 30 | J53: =C53*I53 -> 90
A54: Point de commande avec BP Interra | C54: 1 | D54: 142 | F54: =C54*D54 -> 142 | G54: HTVA | I54: 50 | J54: =C54*I54 -> 50
A55: Circuit prises | C55: 1 | D55: 315 | F55: =C55*D55 -> 315 | G55: HTVA | I55: 270 | J55: =C55*I55 -> 270
A56: Prise simple - Lave-vaisselle | C56: 1 | D56: 65 | F56: =C56*D56 -> 65 | G56: HTVA | I56: 30 | J56: =C56*I56 -> 30
A57: Prise simple - Four | C57: 1 | D57: 65 | F57: =C57*D57 -> 65 | G57: HTVA | I57: 30 | J57: =C57*I57 -> 30
A58: Prise simple - Four micro-ondes | C58: 1 | D58: 65 | F58: =C58*D58 -> 65 | G58: HTVA | I58: 30 | J58: =C58*I58 -> 30
A59: Prise simple - Frigo | C59: 1 | D59: 65 | F59: =C59*D59 -> 65 | G59: HTVA | I59: 30 | J59: =C59*I59 -> 30
A60: Prise simple - Hotte | C60: 1 | D60: 65 | F60: =C60*D60 -> 65 | G60: HTVA | I60: 30 | J60: =C60*I60 -> 30
A61: Alimentation taque en câble 5G6 | C61: 1 | D61: 175 | F61: =C61*D61 -> 175 | G61: HTVA | I61: 55 | J61: =C61*I61 -> 55
C63: Sous-total 2 | F63: =SUM(F26:F62) -> 4525 | G63: HTVA | J63: =SUM(J27:J62) -> 2050 | K63: minutes
A66: Bases imposable | B66: Taux | C66: TVA
E67: A PAYER :
A71: N° TVA : BE0508.687.695 | C71: Agréation : 122610 / 122710 | F71: IBAN: BE13 3631 1583 3839 (ING)
C73: Conditions générales de vente au verso

Sheet ELECTRICITE 3
E6: Mr & Mme ROBINSKI - KRZEMIEN
A8: Pompe à chaleur – Panneaux solaires – VMC | F8: Clos Pierre Dupont, 8
A9: Climatisation – Domotique
F10: 1140 EVERE
A11: Rue des Tilleuls,13 5537 ANHEE
A12: Tél : 082/22.32.82
A13: e-mail : direction@3-e.be
A20: NUMERO DE DEVIS | E20: N° TVA | F20: DATE DEVIS | G20: PAIEMENT
A21: PROV 107 page 03 | E21: Néant | F21: 44481 | G21: COMPTANT
A22: A rappeler lors du paiement
A24: Désignation | C24: Quantité | D24: Prix unitaire | F24: Montant | G24: TVA
A26: Hall vers WC
A27: Point lumineux intérieur ON/OFF | C27: 1 | D27: 75 | F27: =C27*D27 -> 75 | G27: HTVA | I27: 30 | J27: =C27*I27 -> 30
A28: Point de commande avec détecteur plafond | C28: 1 | D28: 140 | F28: =C28*D28 -> 140 | G28: HTVA | I28: 25 | J28: =C28*I28 -> 25
A30: WC
A31: Point lumineux intérieur ON/OFF | C31: 1 | D31: 75 | F31: =C31*D31 -> 75 | G31: HTVA | I31: 30 | J31: =C31*I31 -> 30
A32: Point de commande avec détecteur plafond | C32: 1 | D32: 140 | F32: =C32*D32 -> 140 | G32: HTVA | I32: 25 | J32: =C32*I32 -> 25
A34: Chambre 1
A35: Point lumineux extérieur ON/OFF | C35: 1 | D35: 114 | F35: =C35*D35 -> 114 | G35: HTVA | I35: 30 | J35: =C35*I35 -> 30
A36: Point de commande avec BP Interra | C36: 3 | D36: 142 | F36: =C36*D36 -> 426 | G36: HTVA | I36: 50 | J36: =C36*I36 -> 150
A37: Circuit prises | C37: 1 | D37: 315 | F37: =C37*D37 -> 315 | G37: HTVA | I37: 270 | J37: =C37*I37 -> 270
A38: Supplément prise commandée ON/OFF | C38: 2 | D38: 95 | F38: =C38*D38 -> 190 | G38: HTVA | I38: 15 | J38: =C38*I38 -> 30
A40: Salle de bains
A41: Point lumineux intérieur ON/OFF | C41: 3 | D41: 75 | F41: =C41*D41 -> 225 | G41: HTVA | I41: 30 | J41: =C41*I41 -> 90
A42: Point de commande avec BP Interra | C42: 2 | D42: 142 | F42: =C42*D42 -> 284 | G42: HTVA | I42: 50 | J42: =C42*I42 -> 100
A43: Prise double | C43: 1 | D43: 75 | F43: =C43*D43 -> 75 | G43: HTVA | I43: 35 | J43: =C43*I43 -> 35
A44: Alimentation sèche-serviettes | C44: 1 | D44: 65 | F44: =C44*D44 -> 65 | G44: HTVA | I44: 30 | J44: =C44*I44 -> 30
A46: Extérieur arrière
A47: Point lumineux extérieur ON/OFF | C47: 2 | D47: 114 | F47: =C47*D47 -> 228 | G47: HTVA | I47: 30 | J47: =C47*I47 -> 60
A48: Prise simple hydro | C48: 2 | D48: 65 | F48: =C48*D48 -> 130 | G48: HTVA | I48: 35 | J48: =C48*I48 -> 70
A49: Supplément prise commandée ON/OFF | C49: 2 | D49: 95 | F49: =C49*D49 -> 190 | G49: HTVA | I49: 15 | J49: =C49*I49 -> 30
A50: Alimentation 3G2,5 en attente | C50: 1 | D50: 65 | F50: =C50*D50 -> 65 | G50: HTVA | I50: 35 | J50: =C50*I50 -> 35
A52: Rangement
A53: Point lumineux extérieur ON/OFF | C53: 1 | D53: 114 | F53: =C53*D53 -> 114 | G53: HTVA | I53: 30 | J53: =C53*I53 -> 30
A54: Point de commande avec BP Interra | C54: 1 | D54: 142 | F54: =C54*D54 -> 142 | G54: HTVA | I54: 50 | J54: =C54*I54 -> 50
A55: Circuit prises | C55: 1 | D55: 315 | F55: =C55*D55 -> 315 | G55: HTVA | I55: 270 | J55: =C55*I55 -> 270
C63: Sous-total 3 | F63: =SUM(F26:F62) -> 3308 | G63: HTVA | J63: =SUM(J24:J62) -> 1390 | K63: minutes
A66: Bases imposable | B66: Taux | C66: TVA
E67: A PAYER :
A71: N° TVA : BE0508.687.695 | C71: Agréation : 122610 / 122710 | F71: IBAN: BE13 3631 1583 3839 (ING)
C73: Conditions générales de vente au verso

Sheet ELECTRICITE 4
E6: Mr & Mme ROBINSKI - KRZEMIEN
A8: Pompe à chaleur – Panneaux solaires – VMC | F8: Clos Pierre Dupont, 8
A9: Climatisation – Domotique
F10: 1140 EVERE
A11: Rue des Tilleuls,13 5537 ANHEE
A12: Tél : 082/22.32.82
A13: e-mail : direction@3-e.be
A20: NUMERO DE DEVIS | E20: N° TVA | F20: DATE DEVIS | G20: PAIEMENT
A21: PROV 107 page 04 | E21: Néant | F21: 44481 | G21: COMPTANT
A22: A rappeler lors du paiement
A24: Désignation | C24: Quantité | D24: Prix unitaire | F24: Montant | G24: TVA
A26: Chambre 2
A27: Point lumineux extérieur ON/OFF | C27: 1 | D27: 114 | F27: =C27*D27 -> 114 | G27: HTVA | I27: 30 | J27: =C27*I27 -> 30
A28: Point de commande avec BP Interra | C28: 2 | D28: 142 | F28: =C28*D28 -> 284 | G28: HTVA | I28: 50 | J28: =C28*I28 -> 100
A29: Circuit prises | C29: 1 | D29: 315 | F29: =C29*D29 -> 315 | G29: HTVA | I29: 270 | J29: =C29*I29 -> 270
A30: Supplément prise commandée ON/OFF | C30: 2 | D30: 95 | F30: =C30*D30 -> 190 | G30: HTVA | I30: 15 | J30: =C30*I30 -> 30
A32: Chambre 3
A33: Point lumineux extérieur ON/OFF | C33: 1 | D33: 114 | F33: =C33*D33 -> 114 | G33: HTVA | I33: 30 | J33: =C33*I33 -> 30
A34: Point de commande avec BP Interra | C34: 2 | D34: 142 | F34: =C34*D34 -> 284 | G34: HTVA | I34: 50 | J34: =C34*I34 -> 100
A35: Circuit prises | C35: 1 | D35: 315 | F35: =C35*D35 -> 315 | G35: HTVA | I35: 270 | J35: =C35*I35 -> 270
A36: Supplément prise commandée ON/OFF | C36: 2 | D36: 95 | F36: =C36*D36 -> 190 | G36: HTVA | I36: 15 | J36: =C36*I36 -> 30
A38: Chambre 4
A39: Point lumineux extérieur ON/OFF | C39: 1 | D39: 114 | F39: =C39*D39 -> 114 | G39: HTVA | I39: 30 | J39: =C39*I39 -> 30
A40: Point de commande avec BP Interra | C40: 2 | D40: 142 | F40: =C40*D40 -> 284 | G40: HTVA | I40: 50 | J40: =C40*I40 -> 100
A41: Circuit prises | C41: 1 | D41: 315 | F41: =C41*D41 -> 315 | G41: HTVA | I41: 270 | J41: =C41*I41 -> 270
A42: Supplément prise commandée ON/OFF | C42: 2 | D42: 95 | F42: =C42*D42 -> 190 | G42: HTVA | I42: 15 | J42: =C42*I42 -> 30
A44: Salle de bains
A45: Point lumineux intérieur ON/OFF | C45: 2 | D45: 75 | F45: =C45*D45 -> 150 | G45: HTVA | I45: 30 | J45: =C45*I45 -> 60
A46: Point de commande avec BP Interra | C46: 2 | D46: 142 | F46: =C46*D46 -> 284 | G46: HTVA | I46: 50 | J46: =C46*I46 -> 100
A47: Prise double | C47: 1 | D47: 75 | F47: =C47*D47 -> 75 | G47: HTVA | I47: 35 | J47: =C47*I47 -> 35
A48: Alimentation sèche-serviettes | C48: 1 | D48: 65 | F48: =C48*D48 -> 65 | G48: HTVA | I48: 30 | J48: =C48*I48 -> 30
A50: Hall vers WC
A51: Point lumineux intérieur ON/OFF | C51: 1 | D51: 75 | F51: =C51*D51 -> 75 | G51: HTVA | I51: 30 | J51: =C51*I51 -> 30
A52: Point de commande avec détecteur plafond | C52: 1 | D52: 140 | F52: =C52*D52 -> 140 | G52: HTVA | I52: 25 | J52: =C52*I52 -> 25
A53: Point de commande avec BP Interra | C53: 1 | D53: 142 | F53: =C53*D53 -> 142 | G53: HTVA | I53: 50 | J53: =C53*I53 -> 50
A54: Circuit prises | C54: 1 | D54: 315 | F54: =C54*D54 -> 315 | G54: HTVA | I54: 270 | J54: =C54*I54 -> 270
A55: Supplément prise commandée ON/OFF | C55: 1 | D55: 95 | F55: =C55*D55 -> 95 | G55: HTVA | I55: 15 | J55: =C55*I55 -> 15
C63: Sous-total 4 | F63: =SUM(F26:F62) -> 4050 | G63: HTVA | J63: =SUM(J24:J62) -> 1905 | K63: minutes
A66: Bases imposable | B66: Taux | C66: TVA
E67: A PAYER :
A71: N° TVA : BE0508.687.695 | C71: Agréation : 122610 / 122710 | F71: IBAN: BE13 3631 1583 3839 (ING)
C73: Conditions générales de vente au verso

Sheet ELECTRICITE 5
E6: Mr & Mme ROBINSKI - KRZEMIEN
A8: Pompe à chaleur – Panneaux solaires – VMC | F8: Clos Pierre Dupont, 8
A9: Climatisation – Domotique
F10: 1140 EVERE
A11: Rue des Tilleuls,13 5537 ANHEE
A12: Tél : 082/22.32.82
A13: e-mail : direction@3-e.be
A20: NUMERO DE DEVIS | E20: N° TVA | F20: DATE DEVIS | G20: PAIEMENT
A21: PROV 107 page 05 | E21: Néant | F21: 44481 | G21: COMPTANT
A22: A rappeler lors du paiement
A24: Désignation | C24: Quantité | D24: Prix unitaire | F24: Montant | G24: TVA
A26: SPA
A27: Point lumineux intérieur ON/OFF | C27: 1 | D27: 75 | F27: =C27*D27 -> 75 | G27: HTVA | I27: 30 | J27: =C27*I27 -> 30
A28: Point de commande avec BP Interra | C28: 1 | D28: 142 | F28: =C28*D28 -> 142 | G28: HTVA | I28: 50 | J28: =C28*I28 -> 50
A29: Circuit prises | C29: 1 | D29: 315 | F29: =C29*D29 -> 315 | G29: HTVA | I29: 270 | J29: =C29*I29 -> 270
A30: Alimentation HAMMAM 5G6 en attente | C30: 1 | D30: 175 | F30: =C30*D30 -> 175 | G30: HTVA | I30: 35 | J30: =C30*I30 -> 35
A31: Alimentation Barrière 5G2,5 en attente | C31: 1 | D31: 65 | F31: =C31*D31 -> 65 | G31: HTVA | I31: 35 | J31: =C31*I31 -> 35
A32: Alimentation Borne électrique 5G6 en attente | C32: 1 | D32: 175 | F32: =C32*D32 -> 175 | G32: HTVA | I32: 35 | J32: =C32*I32 -> 35
A34: Vidéophonie IP | L34: Doorbird
A35: Vidéophonie comprenant : | C35: 1 | D35: 1800 | F35: =C35*D35 -> 1800 | G35: HTVA | K35: 386 | L35: A1101
A36: - Poste intérieur | K36: 620 | L36: D2101V
A37: - Poste extérieur | K37: 170 | L37: Boitier encastré
A38: - Carillon IP | K38: 150 | L38: Alimentation
A39: - Boitier | K39: 140 | L39: Carillon IP DoorBird A1061W, édition blanche
A40: - Alimentation
A41: Main d'œuvre (forfait à la journée) | C41: 1 | D41: 400 | F41: =C41*D41 -> 400 | G41: HTVA | I41: 540 | J41: 540
A43: Climatisation
A44: Alimentation climatisation | C44: 2 | D44: 175 | F44: =C44*D44 -> 350 | G44: HTVA | I44: 35 | J44: =C44*I44 -> 70
A46: Alimentation volets électriques
A47: Alimentation store | C47: 5 | D47: 210 | F47: =C47*D47 -> 1050 | G47: HTVA
A49: Alimentation banne solaire
A50: Alimentation store | C50: 2 | D50: 210 | F50: =C50*D50 -> 420 | G50: HTVA
A52: Superivsion :
A53: Module de supervision & programmation | C53: 1 | D53: 1200 | F53: =C53*D53 -> 1200 | G53: HTVA
A55: Système de musique Sonos
A56: Prise RJ45 | C56: 9 | D56: 125 | F56: =C56*D56 -> 1125 | G56: HTVA | I56: 55 | J56: =C56*I56 -> 495 | L56: A voir quel raccordemdent il faut prévoir ? Voo - Proximus ???
A57: Enceinte Sonos One SL | C57: 9 | D57: 290 | F57: =C57*D57 -> 2610 | G57: HTVA
A58: Programmation | C58: 6 | D58: 80 | F58: =C58*D58 -> 480 | G58: HTVA
C63: Sous-total 5 | F63: =SUM(F26:F62) -> 10382 | G63: HTVA | J63: =SUM(J24:J62) -> 1560 | K63: minutes
A66: Bases imposable | B66: Taux | C66: TVA
E67: A PAYER :
A71: N° TVA : BE0508.687.695 | C71: Agréation : 122610 / 122710 | F71: IBAN: BE13 3631 1583 3839 (ING)
C73: Conditions générales de vente au verso

Sheet ELECTRICITE 7
E6: Mr & Mme ROBINSKI - KRZEMIEN
A8: Pompe à chaleur – Panneaux solaires – VMC | F8: Clos Pierre Dupont, 8
A9: Climatisation – Domotique
F10: 1140 EVERE
A11: Rue des Tilleuls,13 5537 ANHEE
A12: Tél : 082/22.32.82
A13: e-mail : direction@3-e.be
A20: NUMERO DE DEVIS | E20: N° TVA | F20: DATE DEVIS | G20: PAIEMENT
A21: PROV 107 page 06 | E21: Néant | F21: 44481 | G21: COMPTANT
A22: A rappeler lors du paiement
A24: Désignation | C24: Quantité | D24: Prix unitaire | F24: Montant | G24: TVA
A26: DIVERS
A27: Réalisation des schémas | C27: 2 | D27: 400 | F27: =C27*D27 -> 800 | G27: HTVA | I27: 480 | J27: =C27*I27 -> 960
A28: Réception organisme agréé | C28: 1 | D28: 200 | F28: =C28*D28 -> 200 | G28: HTVA
A29: Frais de déplacement | C29: 16 | D29: 50 | F29: =C29*D29 -> 800 | G29: HTVA
A30: Main d'œuvre (forfait à la journée) | C30: 0 | D30: 400 | F30: =C30*D30 -> 0 | G30: HTVA | I30: 480 | J30: =C30*I30 -> 0
A31: Programmation (3 modules/heure) | C31: 9 | D31: 80 | F31: =C31*D31 -> 720 | G31: HTVA | I31: 60 | J31: =C31*I31 -> 540
A32: Mise en service (forfait à la journée) | C32: 1 | D32: 400 | F32: =C32*D32 -> 400 | G32: HTVA | I32: 480 | J32: =C32*I32 -> 480
A35: RECAPITULATIF
A36: Sous-total 1 | F36: ='ELECTRICITE 1'!F63 -> 7244.5 | G36: HTVA | I36: ='ELECTRICITE 1'!J63 -> 1595 | J36: minutes
A37: Sous-total 2 | F37: ='ELECTRICITE 2'!F63 -> 4525 | G37: HTVA | I37: ='ELECTRICITE 2'!J63 -> 2050 | J37: minutes
A38: Sous-total 3 | F38: ='ELECTRICITE 3'!F63 -> 3308 | G38: HTVA | I38: ='ELECTRICITE 3'!J63 -> 1390 | J38: minutes
A39: Sous-total 4 | F39: ='ELECTRICITE 4'!F63 -> 4050 | G39: HTVA | I39: ='ELECTRICITE 4'!J63 -> 1905 | J39: minutes
A40: Sous-total 5 | F40: ='ELECTRICITE 5'!F63 -> 10382 | G40: HTVA | I40: ='ELECTRICITE 5'!J63 -> 1560 | J40: minutes
A43: Divers | F43: =SUM(F27:F32) -> 2920 | G43: HTVA | I43: =SUM(J27:J32) -> 1980 | J43: minutes
C45: Total : | F45: =SUM(F36:F44) -> 32429.5 | G45: HTVA | I45: =SUM(I36:I43) -> 10480 | J45: minutes
I47: =I45/60 -> 174.66667 | J47: heures
I48: =I47/8 -> 21.833333 | J48: jours
A66: Bases imposable | B66: Taux | C66: TVA
E67: A PAYER :
A71: N° TVA : BE0508.687.695 | C71: Agréation : 122610 / 122710 | F71: IBAN: BE13 3631 1433 3839 (ING)
C73: Conditions générales de vente au verso

Sheet Feuil1
B2: Questions :
B4: Réalisation prise de terre : passage, boucle déjà posée, mesure,…
B5: Tension d'alimentation ?
B6: Placement du coffret ?
B7: Type d'interrupteur ?
B8: Faut-il du dimmage ?
B9: TV - Coax ou RJ45 ou les deux ?
B10: Téléphone / Internet --> Combi avec la télé ou réseau séparé ?
B11: Sonnerie / parlophonie / vidéophonie ?
B12: Supervision ?
B13: Commande à distance ?
B14: VMC ?
... B20: Production d'eau chaude ?
